 Dungeon Crawl Stone Soup version 0.20-a0-999-gb5f2a4e (webtiles) character file.

78 Fenrisulfr the Skirmisher (level 4, -2/40 HPs)
             Began as a Draconian Berserker on Apr 11, 2017.
             Was a Believer of Trog.
             Slain by a gnoll
             ... wielding a +0 halberd
              (13 damage)
             ... on level 2 of the Dungeon.
             The game lasted 00:04:47 (1484 turns).

Fenrisulfr the Skirmisher (Draconian Berserker)     Turns: 1484, Time: 00:04:48

Health: -2/40      AC:  5    Str: 20    XL:     4   Next: 15%
Magic:  4/4        EV: 13    Int: 12    God:    Trog [**....]
Gold:   68         SH:  0    Dex: 11    Spells: 3/3 levels left

rFire    . . .     SeeInvis .   a - +0 falchion
rCold    . . .     Gourm    .   (no shield)
rNeg     . . .     Faith    .   (armour unavailable)
rPois    .         Spirit   .   (helmet restricted)
rElec    .         Reflect  .   (no cloak)
rCorr    .         Harm     .   (no gloves)
MR       .....                  (no boots)
Stlth    +.........             (no amulet)
Regen    0.2/turn               (no ring)
MPRegen  0.1/turn               (no ring)

@: brilliant
A: unfitting armour, cold-blooded, AC +5
a: Berserk, Trog's Hand, Burn Spellbooks, Renounce Religion


You were on level 2 of the Dungeon.
You worshipped Trog.
Trog was pleased with you.
You were not hungry.

You visited 1 branch of the dungeon, and saw 2 of its levels.

You collected 68 gold pieces.

Inventory:

Hand Weapons
 a - a +0 falchion (weapon)
Wands
 d - a wand of confusion (23/48)
Scrolls
 h - a scroll of remove curse {unknown}
Potions
 f - a potion of ambrosia {unknown}
Comestibles
 b - 4 bread rations
 g - a meat ration
 i - 4 fruits


   Skills:
 + Level 3.9 Fighting
 + Level 3.8 Long Blades
 + Level 3.3 Dodging
 + Level 0.8 Stealth


You had 3 spell levels left.
You didn't know any spells.

Dungeon Overview and Level Annotations

Branches:
Dungeon (2/15)

Altars:
Nemelex Xobeh
Qazlal


Innate Abilities, Weirdness & Mutations

Your plain brown scales are hard. (AC +5)
You cannot fit into any form of body armour.
You are cold-blooded and may be slowed by cold attacks.


Message History

The gnoll barely misses you.
You hit the gnoll but do no damage.
The gnoll is heavily wounded.
The gnoll hits you with a halberd! The gnoll barely misses you.
You closely miss the gnoll.
The gnoll is heavily wounded.
The gnoll barely misses you. The gnoll closely misses you.
You barely miss the gnoll.
The gnoll is heavily wounded.
The gnoll hits you from afar with a spear.
The gnoll closely misses you.
You riposte.
You hit the gnoll but do no damage.
The gnoll is heavily wounded.
Unknown command.
You barely miss the gnoll.
The gnoll is heavily wounded.
The gnoll barely misses you. The gnoll hits you with a halberd!
* * * LOW HITPOINT WARNING * * *
The gnoll closely misses you.
The gnoll hits you from afar with a halberd!
You die...

....##............#
........#########.#######
.....#.#### #.##....#
#.........# ###.##....#
........#.# #.#.......#
###......... #.#.##....#
#.#..##.### #.#.#.....#
...#..# .#
#.#.#.....###### ##..##.#
# #.@............## ...
#>##+#####)#.#.....#.##..#
[..
#.......gg.#.#.#####.###.#
#.....#####....###§....#.#
#.....# ##....+#.....#.#
#.....# #####.#...._....#
#.....# #......'#.....###
+.....# #......##§...§#
#.....# #......####.###


You could see 2 gnolls.

Vanquished Creatures
  2 gnolls (D:2)
  2 adders (D:2)
  An ooze (D:2)
  3 dart slugs (D:1)
  2 leopard geckos (D:1)
  2 giant cockroaches (D:1)
  2 hobgoblins (D:1)
  7 kobolds
  2 bats (D:2)
  3 frilled lizards
  3 goblins (D:1)
  4 rats (D:1)
33 creatures vanquished.

Notes
Turn   | Place    | Note
-------+----------+-------------------------------------------
     0 | D:1      | Fenrisulfr the Draconian Berserker began the quest for the Orb.
     0 | D:1      | Reached XP level 1. HP: 19/19 MP: 1/1
   330 | D:1      | Reached XP level 2. HP: 24/26 MP: 2/2
   814 | D:1      | Found a sparkling altar of Nemelex Xobeh.
   877 | D:1      | Reached ** piety under Trog
   877 | D:1      | Reached XP level 3. HP: 22/33 MP: 3/3
  1395 | D:2      | Found a stormy altar of Qazlal.
  1471 | D:2      | Reached XP level 4. HP: 37/40 MP: 4/4
  1484 | D:2      | Slain by a gnoll

Vault maps used:
D:1:      scummos_arrival_star, kennysheep_small_spiral, minmay_misc_feat_rows,
          nemelex_xobeh_ov_fountains_minmay
D:2:      grunt_qazlal_clouds

Skill      XL: |  1  2 |
---------------+-------+-----
Dodging        | 3 |  3.3
Fighting       | |  3.9
Long Blades    | |  3.8
Stealth        | |  0.8

Action                   |  1- 3 |  4- 6 || total
-------------------------+-------+-------++-------
Melee: Falchion          |   112 |    11 ||   123
       Tailslap          |    13 |       ||    13
Invok: Trog's Hand       |     1 |       ||     1
  Use: Potion            |     2 |       ||     2
  Eat: Chunk             |     2 |       ||     2
Armor: Skin              |    31 |     1 ||    32
Dodge: Dodged            |    78 |    19 ||    97
       Rpst.: Falchion   |    21 |     2 ||    23
